 Dungeon Crawl Stone Soup version 0.29.1-2-gbd0b4ee654 (webtiles) character file.

Game seed: 7207582940370198603

434 zeram the Cudgeller (level 6, 0/59 HPs)
             Began as a Troll Fighter on Nov 18, 2022.
             Slain by Pikel
             ... wielding a +0 whip of electrocution
              (10 damage)
             ... on level 4 of the Dungeon.
             The game lasted 00:04:21 (2773 turns).

zeram the Cudgeller (Troll Fighter)                 Turns: 2773, Time: 00:04:21

Health: 0/59       AC:  4    Str: 27    XL:     6   Next: 68%
Magic:  5/5        EV:  9    Int:  4    God:
Gold:   151        SH:  7    Dex:  9    Spells: 5/5 levels left

rFire   . . .      SeeInvis .   a - +0 flail
rCold   . . .      Faith    .   c - +0 kite shield
rNeg    . . .      Spirit   .   b - +0 robe
rPois   .          Reflect  .   (helmet restricted)
rElec   .          Harm     .   (no cloak)
rCorr   .          Rampage  .   (gloves unavailable)
Will    .....                   (boots unavailable)
Stlth   +.........              (no amulet)
HPRegen 0.99/turn               (no ring)
MPRegen 0.09/turn               (no ring)

@: no status effects
A: large, unfitting armour, claws 3, regeneration 1, shaggy fur 1, tough skin 1
a: no special abilities


You were on level 4 of the Dungeon.
You visited 1 branch of the dungeon, and saw 4 of its levels.

You collected 151 gold pieces.

Inventory:

Hand Weapons
 a - a +0 flail (weapon)
 f - a +0 giant club
Armour
 b - a +0 robe (worn)
 c - a +0 kite shield (worn)
Wands
 d - a wand of polymorph (11)
Scrolls
 l - a scroll of fog
Potions
 g - a potion of mutation
 h - a potion of degeneration
 i - a potion of brilliance
 j - 2 potions of curing
 m - a potion of flight


   Skills:
 - Level 2.4 Fighting
 + Level 5.3 Maces & Flails
 + Level 4.2 Dodging
 - Level 2.7 Shields


You had 5 spell levels left.
You didn't know any spells.
Your spell library contained the following spells:

 Spells                   Type           Power      Damage    Failure   Level
 Beastly Appendage        Tmut           0%         N/A       80%         1
 Passwall                 Tmut/Erth      0%         N/A       91%         2
 Gell's Gravitas          Tloc           0%         N/A       99%         3
 Portal Projectile        Hex/Tloc       0%         N/A       99%         3
 Stone Arrow              Conj/Erth      0%         3d7       99%         3
 Teleport Other           Tloc           0%         N/A       99%         3
 Tukima's Dance           Hex            0%         N/A       99%         3
 Animate Armour           Summ/Erth      0%         N/A       100%        4
 Blade Hands              Tmut           0%         N/A       100%        5
 Dispersal                Tloc           0%         N/A       100%        6
 Eringya's Noxious Bog    Tmut/Pois      0%         N/A       100%        6
 Statue Form              Tmut/Erth      0%         N/A       100%        6
 Lehudib's Crystal Spear  Conj/Erth      0%         10d2      100%        8


Dungeon Overview and Level Annotations

Branches:
Dungeon (4/15)
 Temple: D:4-7

Altars:
Vehumet

Annotations:
D:4 Pikel


Innate Abilities, Weirdness & Mutations

You are too large for most types of armour.
You have claws for hands.
Your natural rate of healing is unusually fast.
You are covered in fur. (AC +1)
You have tough skin. (AC +1)


Message History

* * * LOW HITPOINT WARNING * * *
You completely miss Pikel.
Pikel is heavily wounded.
You block Pikel's attack.
You barely miss Pikel.
Pikel is heavily wounded.
Pikel hits you but does no damage.
You closely miss Pikel.
Pikel is heavily wounded.
Pikel barely misses you. You block Pikel's attack.
You hit Pikel but do no damage.
Pikel is heavily wounded.
Pikel closely misses you.
You closely miss Pikel.
Pikel is moderately wounded.
Pikel hits you but does no damage.
You hit Pikel.
Pikel is heavily wounded.
Pikel hits you with a +0 whip of electrocution.
* * * LOW HITPOINT WARNING * * *
You block Pikel's attack.
You barely miss Pikel.
Pikel is heavily wounded.
Pikel completely misses you.
You closely miss Pikel.
Pikel is heavily wounded.
Pikel hits you with a +0 whip of electrocution.
* * * LOW HITPOINT WARNING * * *
You closely miss Pikel.
Pikel is heavily wounded.
Pikel hits you but does no damage.
You hit Pikel.
Pikel is heavily wounded.
Pikel closely misses you. x2
You closely miss Pikel.
Pikel is heavily wounded.
Pikel hits you with a +0 whip of electrocution.
* * * LOW HITPOINT WARNING * * *
You are electrocuted!
You die...

.~. ######## #....... #####......
####......# K #K #^.#...<.######
#####.# #.# #....###.!....#
[.....# #. #.#
#......#..##..##...#..#.#.# #.#
#....#....##..@K......#.#.# #..
....#.#.#..##.........##.#.###..
..#.##.#.#.####..................
..#....#.#.####.#.........#.###..
...###.....#~P#....:.........5S=#
#......#...####.#.............5..
. ....##...# #.#......S..<...#.#
... ..##.#### ..#................
#.###.##.# #......##(........#..


You could see Pikel and an adder (wandering).

Vanquished Creatures
  An ice beast (D:3)
  An ogre (D:4)
  A lemure (D:4)
  A phantom (D:4)
  An orc priest (D:3)
  An iguana (D:4)
  An orc wizard (D:3)
  3 adders
  A worm (D:2)
  2 dart slugs
  11 orcs (D:3)
  3 endoplasms
  3 giant cockroaches
  2 hobgoblins (D:2)
  4 jackals (D:1)
  4 kobolds
  2 quokkas
  8 ball pythons
  4 bats
  5 frilled lizards
  6 goblins
  4 rats
69 creatures vanquished.

Vanquished Creatures (others)
  12 fungi (D:4)
12 creatures vanquished.

Grand Total: 81 creatures vanquished

Notes
Turn   | Place    | Note
-------+----------+-------------------------------------------
     0 | D:1      | zeram the Troll Fighter began the quest for the Orb.
     0 | D:1      | Reached XP level 1. HP: 22/22 MP: 0/0
   114 | D:1      | Got the Folio of Sculpting
   126 | D:1      | Reached skill level 2 in Maces & Flails
   157 | D:1      | Reached XP level 2. HP: 29/29 MP: 1/1
  1077 | D:2      | Reached XP level 3. HP: 32/36 MP: 2/2
  1395 | D:2      | Reached skill level 3 in Maces & Flails
  1522 | D:2      | Found a faded altar of an unknown god.
  1976 | D:3      | Noticed an ice beast
  1985 | D:3      | Killed an ice beast
  1986 | D:3      | Reached XP level 4. HP: 44/44 MP: 3/3
  1986 | D:3      | Reached XP level 5. HP: 50/50 MP: 4/4
  2053 | D:3      | Reached skill level 4 in Maces & Flails
  2569 | D:4      | Identified the +10 mace "Ruimae" {elec, *Noise rElec rN++
                  | Int+9}
  2590 | D:4      | Found a radiant altar of Vehumet.
  2600 | D:4      | Noticed an ogre
  2608 | D:4      | Killed an ogre
  2609 | D:4      | Reached XP level 6. HP: 56/59 MP: 5/5
  2620 | D:4      | Reached skill level 5 in Maces & Flails
  2680 | D:4      | Noticed Pikel
  2773 | D:4      | Slain by Pikel

Illustrated notes

Levels and vault maps discovered:
D:1:      mrwooster_arrival_arrow, layout_loops_corners, hangedman_decor_lopped,
          kennysheep_boxes
D:2:      layout_basic, dilly_ecumenical_altar_fadedgnrine
D:3:      layout_basic, chequers_arboretum, kennysheep_generic_room_3
D:4:      layout_basic, vehumet_crystals, serial_aquarium,
          aquarium_bridge_long_joined [aquarium_subvault_window,
          aquarium_subvault_wall, aquarium_subvault_wall,
          aquarium_subvault_window, aquarium_subvault_bridge,
          aquarium_subvault_bridge], aquarium_window_corner, aquarium_window_3,
          aquarium_view_2b, aquarium_view_2d, serial_shops, kennysheep_mini,
          uniq_pikel

Skill      XL: |  1  2  3  4  5  6 |
---------------+-------------------+-----
Maces & Flails | 2 3 4 5 |  5.3
Dodging        | 3 4 |  4.2
Fighting       | |  2.4
Shields        | |  2.7

Action                   |  1- 3 |  4- 6 || total
-------------------------+-------+-------++-------
Melee: Flail             |   125 |   116 ||   241
  Use: Scroll            |     6 |     4 ||    10
       Potion            |     1 |     1 ||     2
Armor: Robe              |    57 |    14 ||    71
Dodge: Dodged            |    42 |    43 ||    85
Block: Kite shield       |    48 |    41 ||    89
